 Dungeon Crawl Stone Soup version 0.29-a0-355-g7276a9ff7f (webtiles) character file.

Game seed: 5309217302753274811

24 Gargoyl the Skirmisher (level 3, -2/24 HPs)
             Began as a Gargoyle Abyssal Knight on Apr 25, 2022.
             Was a Believer of Lugonu.
             Slain by a worm (9 damage)
             ... on level 2 of the Dungeon.
             The game lasted 00:01:42 (1650 turns).

Gargoyl the Skirmisher (Gargoyle Abyssal Knight)    Turns: 1650, Time: 00:01:43

Health: -2/24      AC: 12    Str: 16    XL:     3   Next: 2%
Magic:  4/4        EV:  9    Int: 13    God:    Lugonu [**....]
Gold:   26         SH:  0    Dex: 12    Spells: 2/2 levels left

rFire   . . .      SeeInvis .   a - +1 hand axe
rCold   . . .      Faith    .   (no shield)
rNeg    + . .      Spirit   .   f - +3 scale mail "Oplott" {rElec Int+3}
rPois   ∞          Reflect  .   (no helmet)
rElec   +          Harm     .   (no cloak)
rCorr   .          Rampage  .   (no gloves)
Will    .....                   (no boots)
Stlth   ..........              (no amulet)
HPRegen 0.08/turn               (no ring)
MPRegen 0.09/turn               (no ring)

@: no status effects
A: sickness immunity, AC +3, negative energy resistance 1, electricity
resistance, torment resistance 1, petrification resistance
a: Renounce Religion, Depart the Abyss, Bend Space


You were on level 2 of the Dungeon.
You worshipped Lugonu.
Lugonu was pleased with you.
You visited 1 branch of the dungeon, and saw 2 of its levels.
You visited the Abyss 1 time.

You collected 26 gold pieces.

Inventory:

Hand Weapons
 a - a +1 hand axe (weapon)
Armour
 f - the +3 scale mail "Oplott" (worn) {rElec Int+3}
   (You found it on level 2 of the Dungeon)

   Int:       It affects your intelligence (+3).
   rElec:     It insulates you from electricity.
Scrolls
 e - a scroll of torment {unknown}
Potions
 b - a potion of magic {unknown}
 c - 2 potions of attraction {unknown}


   Skills:
 + Level 3.9 Fighting
 + Level 2.2 Axes
 + Level 2.5 Armour
 + Level 0.7 Dodging
 * Level 2.0 Invocations


You had 2 spell levels left.
You didn't know any spells.
Your spell library contained the following spells:

 Spells                   Type           Power      Damage    Failure   Level
 Shock                    Conj/Air       0%         1d3       73%         1
 Swiftness                Air            0%         N/A       97%         3
 Airstrike                Air            0%         N/A       100%        4


Dungeon Overview and Level Annotations

Branches:
Dungeon (2/15)

Altars:

Shops:
D:1 (


Innate Abilities, Weirdness & Mutations

You are immune to sickness and miasma.
Your stone body is resilient. (AC +3)
You are immune to poison.
You resist negative energy. (rN+)
You are resistant to electric shocks. (rElec)
You are resistant to unholy torment.
You are immune to petrification.


Message History

You continue putting on the +3 scale mail "Oplott" {rElec Int+3}. x5
You finish putting on the +3 scale mail "Oplott" {rElec Int+3}.
You feel clever.
You start removing your armour.
You continue taking off the +3 scale mail "Oplott" {rElec Int+3}. x4
You finish taking off the +3 scale mail "Oplott" {rElec Int+3}.
You start putting on your armour.
You continue putting on your +0 chain mail. x5
You finish putting on your +0 chain mail.
You start removing your armour.
You continue taking off your +0 chain mail. x4
You finish taking off your +0 chain mail.
You start putting on your armour.
You continue putting on the +3 scale mail "Oplott" {rElec Int+3}. x5
You finish putting on the +3 scale mail "Oplott" {rElec Int+3}.
You feel clever.
You drop a +0 chain mail.
A worm comes into view.
A worm is nearby!
A worm is nearby!
Found a stone staircase leading up.
You hit the worm.
The worm is moderately wounded.
The worm bites you!
You completely miss the worm.
The worm is lightly wounded.
The worm bites you!
* * * LOW HITPOINT WARNING * * *
You hit the worm but do no damage.
The worm is lightly wounded.
The worm closely misses you.
You hit the worm.
The worm is lightly wounded.
You slash the worm!
The worm is heavily wounded.
The worm bites you but does no damage.
You hit the worm.
The worm is almost dead.
The worm bites you!
You die...

.#.# # ## ...# .. #
#. ...#
#.#.#.#####...#
...#.#.. ..........#
#..#.###.##.##.....#
.>...............#
#.#[###.##.###...#
#.......##.# #@###
#.......##.#
#w.<.....
#.......##[#
#...####.
.###.<....##.#
#.....
.............#
#..##.#
####.....##..###...
.# ##[#>.......#..#
#
#####.#...#.##.#...
..........#....#


You could see a worm.

Vanquished Creatures
  A dart slug (D:1)
  2 ball pythons (D:1)
  A bat (D:1)
  An endoplasm (D:1)
  2 giant cockroaches (D:1)
  A goblin (D:1)
  3 hobgoblins (D:1)
  A kobold (D:1)
  A quokka (D:1)
  4 frilled lizards (D:1)
  4 rats (D:1)
21 creatures vanquished.

Notes
Turn   | Place    | Note
-------+----------+-------------------------------------------
     0 | Abyss:1  | Gargoyl the Gargoyle Abyssal Knight began the quest for the
                  | Orb.
     0 | Abyss:1  | Reached XP level 1. HP: 14/14 MP: 2/2
    97 | Abyss:1  | Noticed an orange demon
   107 | Abyss:1  | Noticed a raiju
   110 | D:1      | Escaped the Abyss
   608 | D:1      | Reached XP level 2. HP: 16/20 MP: 3/3
   840 | D:1      | Found Usagot's Weapon Shop.
  1045 | D:1      | Found a faded altar of an unknown god.
  1541 | D:1      | Reached XP level 3. HP: 23/24 MP: 4/4
  1603 | D:2      | Identified the +3 scale mail "Oplott" {rElec Int+3}
  1650 | D:2      | Slain by a worm

Illustrated notes

Levels and vault maps discovered:
D:1:      dpeg_arrival_snail, layout_loops_ring, serial_shops, shop,
          shapermc_ecumenical_altar_venn, serial_co_window_serial,
          co_window_paths_a, co_window_of_opportunity_a, co_window_paths_b,
          co_window_of_opportunity_a, co_window_paths_b,
          co_window_of_opportunity_b, co_window_corner_cb, co_window_broadway_b,
          co_window_4corner_a, glass_columns_a
D:2:      layout_basic, uniq_crazy_yiuf_cottage

Skill      XL: |  1  2 |
---------------+-------+-----
Axes           | 2 |  2.2
Fighting       | |  3.9
Armour         | |  2.5
Dodging        | |  0.7
Invocations    | |  2.0

Action                   || total
-------------------------++-------
Melee: Hand axe          ||    77
Invok: Depart the Abyss  ||     1
Armor: Leather armour    ||    10
       Chain mail        ||    26
       Scale mail        ||     1
Dodge: Dodged            ||    32

Table legend: (Time is in decaauts)
 A = Elapsed time spent in this place.
 B = Non-inter-level travel time spent in this place.
 C = Inter-level travel time spent in this place.
 D = Time resting spent in this place.
 E = Time spent auto-exploring this place.
 F = Levels seen in this place.
 G = Mean time per level.
                   A        B        C        D        E       F      G
               +--------+--------+--------+--------+--------+-----+--------+
         Total |   1664 |   1644 |     20 |      0 |   1360 |   3 |  554.7 |
       Dungeon |   1554 |   1534 |     20 |      0 |   1264 |   2 |  777.0 |
         Abyss |    110 |    110 |      0 |      0 |     96 |   1 |  110.0 |
               +--------+--------+--------+--------+--------+-----+--------+

Top non-repeatable levels by time:
     D:1: 1490 daAuts
 Abyss:1: 110 daAuts
     D:2: 64 daAuts
